 Dungeon Crawl Stone Soup version 0.26-a0-812-g31a745ddcd (webtiles) character file.

Game seed: 16085460627318797519

1948 robertstho the Thaumaturge (level 8, 0/43 HPs)
             Began as a Deep Elf Ice Elementalist on Nov 13, 2020.
             Was an Initiate of Sif Muna.
             Slain by a centaur
             ... wielding a +0 quarterstaff
              (12 damage)
             ... on level 6 of the Dungeon.
             The game lasted 00:11:10 (6847 turns).

robertstho the Thaumaturge (DEIE)                   Turns: 6847, Time: 00:11:11

Health: 0/43       AC:  3    Str:  5    XL:     8   Next: 98%
Magic:  16/23      EV: 14    Int: 23    God:    Sif Muna [......]
Gold:   242        SH:  0    Dex: 15    Spells: 10/25 levels left

rFire    . . .     SeeInvis .   x - +4 long sword
rCold    . . .     Faith    .   (no shield)
rNeg     . . .     Spirit   .   A - +1 robe {MR+}
rPois    .         Reflect  .   (no helmet)
rElec    .         Harm     .   (no cloak)
rCorr    .         Rampage  .   (no gloves)
MR       +....                  (no boots)
Stlth    +++.......             (no amulet)
HPRegen  0.14/turn              (no ring)
MPRegen  0.18/turn              (no ring)

@: no status effects
A: no striking features
a: Renounce Religion


You were on level 6 of the Dungeon.
You worshipped Sif Muna.
Sif Muna was noncommittal.
You visited 2 branches of the dungeon, and saw 7 of its levels.

You collected 242 gold pieces.

Inventory:

Hand Weapons
 e - a +1 dagger of draining
 w - a +0 whip of freezing
 x - a +4 long sword (weapon)
Missiles
 a - a throwing net
 f - 8 poisoned darts (quivered)
 y - 3 silver javelins
Armour
 A - a +1 robe of magic resistance (worn)
Wands
 s - a wand of flame (38)
Scrolls
 j - a scroll of immolation {unknown}
 k - 4 scrolls of remove curse
 p - 3 scrolls of fog {unknown}
 q - a scroll of blinking {unknown}
 r - a scroll of random uselessness {unknown}
 t - a scroll of enchant weapon {unknown}
 u - a scroll of amnesia {unknown}
Potions
 b - 2 potions of invisibility
 d - 4 potions of haste
 g - 3 potions of lignification
 h - 2 potions of brilliance {unknown}
 i - a potion of berserk rage
 l - a potion of resistance
 m - a potion of curing
 o - a potion of flight
 v - 2 potions of might
 z - a potion of attraction {unknown}


   Skills:
 + Level 1.5 Fighting
 + Level 3.0(3.2) Short Blades
 + Level 1.5(2.3) Long Blades
 + Level 3.5 Dodging
 + Level 4.8 Stealth
 * Level 9.3 Spellcasting
 + Level 2.8 Summonings
 * Level 8.6 Ice Magic
 * Level 0.9 Invocations


You had 10 spell levels left.
You knew the following spells:

 Your Spells              Type           Power        Failure   Level
a - Freeze                Ice            ####         1%          1
b - Frozen Ramparts       Ice            ######       1%          3
c - Ozocubu's Armour      Ice            ######..     1%          3
d - Hailstorm             Conj/Ice       ####....     11%         4
e - Summon Ice Beast      Ice/Summ       #####...     5%          4

Your spell library contained the following spells:

 Spells                   Type           Power        Failure   Level


Dungeon Overview and Level Annotations

Branches:
Dungeon (6/15)             Temple (1/1) D:6

Altars:
Ashenzari
Cheibriados
Elyvilon
Fedhas
Gozag
Hepliaklqana
Kikubaaqudgha
Makhleb
Okawaru
Qazlal
Sif Muna
Trog
Vehumet
Wu Jian
Xom
Yredelemnul
Zin

Annotations:
D:4 exclusion: oklob plant


Message History

The spell is quite dangerous to cast (11% risk of failure)!
Continue anyway?
Okay, then.
The centaur shoots an arrow.
The arrow misses you.
Casting: Hailstorm (quite dangerous; 11% risk of failure)
Confirm with . or Enter, or press ? or * to list all spells.
The spell is quite dangerous to cast (11% risk of failure)!
Continue anyway?
A cannonade of hail descends around you!
The hail pelts the centaur!!
The centaur is severely wounded.
The centaur shoots an arrow.
The arrow closely misses you.
Unknown command.
The centaur unwields a +0 shortbow.
The centaur wields a +0 quarterstaff.
The centaur barely misses you.
You riposte.
You closely miss the centaur.
The centaur is severely wounded.
Your ice beast barely misses the centaur.
You hit the centaur.
The centaur is almost dead.
The centaur hits you but does no damage.
The centaur hits you with a +0 quarterstaff!
You die...

≈..............# ##..#####.#.##
≈≈≈............# #..........#
≈≈≈≈≈..........## ##....######
≈≈≈≈≈≈..........## #...##
≈≈≈≈≈≈...........# ##...#
≈≈≈≈≈≈...........####....##
≈≈≈≈≈≈............##..###.##
≈≈≈≈≈((..(.....c.....## ##.##
≈≈≈.)..........Y@...## ##.###
≈())....(...........# ##..##
(..=)..........(....## ##..##
..##...........(.....## ##...#
...##..........(((##..### ##....#
....##......>...######..###....##
.....####.......# ##......###
#...<.# ##.....## ##....##
#......# #.)...# #........


You could see a centaur and a friendly ice beast (summoned).

Vanquished Creatures
  Pikel (D:6)
  Eustachio (D:6)
  2 ogres (D:5)
  A lemure (D:6)
  A centaur (D:5)
  A bullfrog (D:6)
  A scorpion (D:5)
  2 wights
  A howler monkey (D:5)
  A hound (D:5)
  A jelly (D:5)
  An orc priest (D:4)
  An iron imp (D:5)
  2 orc wizards (D:4)
  An iguana (D:4)
  Jessica (D:3)
  4 worker ants
  3 gnolls (D:6)
  5 adders
  2 ufetubi (D:6)
  An adder zombie (D:5)
  4 worms
  A dart slug (D:1)
  2 leopard geckos
  18 orcs
  4 giant cockroaches
  13 goblins
  7 hobgoblins
  2 jackals (D:1)
  8 kobolds
  5 bats
  6 frilled lizards
  A jackal zombie (D:5)
  5 rats (D:3)
110 creatures vanquished.

Vanquished Creatures (collateral kills)
  2 ice beasts
  A centaur (D:6)
  Blork the orc (D:6)
  6 wights
  A bullfrog zombie (D:6)
  A centaur zombie (D:6)
  A gnoll shaman (D:6)
  A jelly (D:6)
  A centaur skeleton (D:5)
  2 iron imps (D:5)
  2 gnolls (D:6)
  An adder (D:6)
  A leopard gecko (D:6)
  A quokka skeleton (D:6)
22 creatures vanquished.

Vanquished Creatures (others)
  39 fungi (D:4)
  71 plants (D:4)
  15 toadstools (D:4)
125 creatures vanquished.

Grand Total: 257 creatures vanquished

Notes
Turn   | Place    | Note
-------+----------+-------------------------------------------
     0 | D:1      | robertstho the Deep Elf Ice Elementalist began the quest
                  | for the Orb.
     0 | D:1      | Reached XP level 1. HP: 10/10 MP: 6/6
   493 | D:1      | Reached XP level 2. HP: 15/15 MP: 8/8
   908 | D:1      | Reached skill level 5 in Ice Magic
  1130 | D:2      | Reached XP level 3. HP: 15/19 MP: 10/10
  1286 | D:2      | Learned a level 3 spell: Frozen Ramparts
  1290 | D:2      | Learned a level 3 spell: Ozocubu's Armour
  2107 | D:3      | Found a bloodstained altar of Trog.
  2111 | D:3      | Noticed Jessica
  2120 | D:3      | Killed Jessica
  2120 | D:3      | Reached skill level 1 in Short Blades
  2120 | D:3      | Reached XP level 4. HP: 15/24 MP: 11/11
  2311 | D:3      | Found a glowing silver altar of Zin.
  2383 | D:4      | Reached skill level 4 in Spellcasting
  2422 | D:4      | Reached XP level 5. HP: 23/28 MP: 9/13
  2828 | D:4      | Found a white marble altar of Elyvilon.
  2932 | D:4      | Found an iron altar of Okawaru.
  2939 | D:4      | Reached XP level 6. HP: 30/33 MP: 11/15
  3134 | D:4      | Found a blossoming altar of Fedhas.
  3152 | D:4      | Noticed an oklob plant
  3218 | D:4      | Reached skill level 5 in Spellcasting
  3527 | D:4      | Learned a level 4 spell: Hailstorm
  3532 | D:4      | Learned a level 4 spell: Summon Ice Beast
  3608 | D:5      | Entered Level 5 of the Dungeon
  3771 | D:5      | Reached skill level 6 in Spellcasting
  3913 | D:5      | Noticed an ice beast
  3945 | D:5      | Killed an ice beast
  3945 | D:5      | Reached skill level 1 in Fighting
  3945 | D:5      | Reached XP level 7. HP: 6/38 MP: 6/18
  4220 | D:5      | Found a burning altar of Makhleb.
  4567 | D:5      | Reached skill level 1 in Summonings
  4910 | D:5      | Reached skill level 7 in Spellcasting
  5276 | D:3      | Found an ornate altar of the Wu Jian Council.
  5304 | D:3      | Reached XP level 8. HP: 43/43 MP: 11/21
  5936 | D:6      | Noticed Pikel
  5946 | D:6      | Killed Pikel
  5946 | D:6      | Reached skill level 1 in Long Blades
  5946 | D:6      | Reached skill level 8 in Spellcasting
  6222 | D:6      | Found a staircase to the Ecumenical Temple.
  6269 | D:6      | Noticed Blork the orc
  6273 | D:6      | Reached skill level 9 in Spellcasting
  6285 | D:6      | Killed Blork the orc
  6320 | Temple   | Entered the Ecumenical Temple
  6436 | Temple   | Became a worshipper of Sif Muna the Loreminder
  6493 | D:6      | Noticed Eustachio
  6504 | D:6      | Killed Eustachio
  6776 | D:6      | Found a broken altar of Ashenzari.
  6847 | D:6      | Slain by a centaur

Illustrated notes

Levels and vault maps discovered:
D:1:      matt_arrival_spirals, layout_loops_ring, minmay_misc_feat_hallway,
          glass_columns_a
D:2:      layout_basic
D:3:      layout_basic, lemuel_doored_altar, nicolae_overflow_crystal_walls,
          bloody_trog, uniq_jessica
D:4:      layout_rooms, tgw_fedhas, okawaru_altar_gauntlet_db, elyvilon_altar_5
D:5:      layout_rooms, demons_altar
D:6:      layout_layer_cave, ashenzari_altar_1, kennysheep_little_box,
          temple_pool_b, uniq_pikel, uniq_eustachio, uniq_blork_the_orc
Temple:   eino_temple_lava

Skill      XL: |  1  2  3  4  5  6  7  8 |
---------------+-------------------------+-----
Ice Magic      | 5 6 7 8 |  8.6
Stealth        | 3 4 |  4.8
Short Blades   | 1 2 3 |  3.0
Spellcasting   | 4 6 7 9 |  9.3
Dodging        | 3 |  3.5
Fighting       | 1 |  1.5
Summonings     | 1 2 |  2.8
Long Blades    | 1 |  1.5
Invocations    | |  0.9

Action                   |  1- 3 |  4- 6 |  7- 9 || total
-------------------------+-------+-------+-------++-------
Melee: Dagger            |    81 |    27 |    58 ||   166
       Unarmed           |     4 |       |       ||     4
       Long sword        |       |       |    33 ||    33
 Cast: Freeze            |    10 |     7 |     4 ||    21
       Frozen Ramparts   |       |    17 |    15 ||    32
       Summon Ice Beast  |       |     3 |    30 ||    33
       Hailstorm         |       |       |     3 ||     3
  Use: Potion            |       |     1 |     1 ||     2
       Scroll            |       |       |     9 ||     9
 Stab: Sleeping          |     8 |       |     4 ||    12
       Distracted        |       |       |     2 ||     2
Armor: Robe              |    10 |       |     8 ||    18
Dodge: Dodged            |    63 |    24 |    91 ||   178
       Rpst.: Long sword |       |       |    14 ||    14

Table legend: (Time is in decaauts)
 A = Elapsed time spent in this place.
 B = Non-inter-level travel time spent in this place.
 C = Inter-level travel time spent in this place.
 D = Time resting spent in this place.
 E = Time spent auto-exploring this place.
 F = Levels seen in this place.
 G = Mean time per level.
                   A        B        C        D        E       F      G
               +--------+--------+--------+--------+--------+-----+--------+
         Total |   6851 |   6565 |    286 |    356 |   5071 |   7 |  978.7 |
       Dungeon |   6725 |   6448 |    277 |    356 |   4968 |   6 | 1120.8 |
        Temple |    125 |    116 |      9 |      0 |    103 |   1 |  125.0 |
               +--------+--------+--------+--------+--------+-----+--------+

Top non-repeatable levels by time:
     D:5: 1575 daAuts
     D:4: 1284 daAuts
     D:1: 1109 daAuts
     D:2: 951 daAuts
     D:6: 920 daAuts
     D:3: 885 daAuts
  Temple: 125 daAuts
